 Dungeon Crawl Stone Soup version 0.30-a0-845-g7c6808c8ce (webtiles) character file.

Game seed: 15890206189686055958

79 cforsyth the Sneak (level 4, 0/28 HPs)
             Began as a Kobold Brigand on Mar 2, 2023.
             Killed from afar by an orc wizard (13 damage)
             ... with a puff of flame
             ... on level 3 of the Dungeon.
             The game lasted 00:01:55 (2176 turns).

cforsyth the Sneak (Kobold Brigand)                 Turns: 2176, Time: 00:01:56

Health: 0/28       AC:  3    Str:  8    XL:     4   Next: 64%
Magic:  4/4        EV: 15    Int: 12    God:
Gold:   170        SH:  0    Dex: 18    Spells: 3/3 levels left

rFire   . . .      SeeInvis .    o - +4 short sword
rCold   . . .      Faith    .    (no shield)
rNeg    . . .      Spirit   .    b - +0 robe
rPois   .          Reflect  .    (no helmet)
rElec   .          Rampage  .    c - +0 cloak
rCorr   .                        (no gloves)
Will    .....                    (no boots)
Stlth   ++                       (no amulet)
HPRegen 0.24/turn                (no ring)
MPRegen 0.09/turn                (no ring)

@: confused
A: small, no large weapons, nightstalker 3
a: no special abilities


You were on level 3 of the Dungeon.
You visited 1 branch of the dungeon, and saw 3 of its levels.

You collected 170 gold pieces.

Inventory:

Hand Weapons
 a - a +2 dagger
 o - a +4 short sword (weapon)
Missiles
 d - 9 poisoned darts (quivered)
 e - 3 curare-tipped darts
Armour
 b - a +0 robe (worn)
 c - a +0 cloak (worn)
Jewellery
 i - a ring of fire
Wands
 l - a wand of digging (6)
 n - a wand of mindburst (15)
Scrolls
 h - 2 scrolls of fear {unknown}
 j - 3 scrolls of identify {unknown}
 m - a scroll of amnesia {unknown}
 r - a scroll of blinking {unknown}
 t - a scroll of teleportation {unknown}
 u - a scroll of immolation {unknown}
Potions
 f - a potion of ambrosia {unknown}
 g - 2 potions of degeneration {unknown}
 k - a potion of brilliance {unknown}
 p - a potion of curing {unknown}
 q - 2 potions of heal wounds {unknown}
 s - a potion of cancellation {unknown}
 v - a potion of flight {unknown}
 w - a potion of haste {unknown}


   Skills:
 + Level 3.0 Fighting
 + Level 3.8 Short Blades
 - Level 2.1 Throwing
 + Level 2.6 Dodging
 + Level 6.0 Stealth


You had 3 spell levels left.
You didn't know any spells.
Your spell library contained the following spells:

 Spells                   Type           Power      Damage    Failure   Level
 Apportation              Tloc           0%         N/A       32%         1
 Necrotise                Necr           0%         1d4       32%         1
 Summon Small Mammal      Summ           0%         N/A       32%         1
 Ensorcelled Hibernation  Hex/Ice        0%         N/A       45%         2
 Passwall                 Tmut/Erth      0%         N/A       45%         2
 Swiftness                Air            0%         N/A       69%         3


Dungeon Overview and Level Annotations

Branches:
Dungeon (3/15)

Altars:


Innate Abilities, Weirdness & Mutations

You are small and have problems with some larger weapons.
You are completely attuned to the shadows.


Message History

The orc attacks as you move away! The orc misses you.
The orc attacks as you move away! The orc hits you with a +0 dagger.
An orc wizard appears from thin air!
Reactivating autopickup.
The orc attacks as you move away! The orc misses you.
The orc wizard points at you and mumbles some strange words.
You resist with some effort. The orc attacks as you move away!
The orc hits you with a +0 dagger. The orc attacks as you move away!
The orc hits you with a +0 dagger.
There is an escape hatch in the ceiling here.
You barely miss the orc. The orc completely misses you.
You hit the orc.
The orc is heavily wounded.
The orc misses you.
You closely miss the orc.
The orc is heavily wounded.
You hit the orc.
You kill the orc!
The orc wizard mumbles some strange words.
The orc wizard flickers and vanishes!
Deactivating autopickup; reactivate with Ctrl-A.
Unknown command.
Something hits you.
You see here a +0 dagger.
You hit something.
You hear some strange, mumbled words.
A magic dart appears from out of thin air!
The magic dart hits you.
You miss something.
You hear some strange, mumbled words.
You are confused.
You hit something.
You hear some strange, mumbled words.
A magic dart appears from out of thin air!
The magic dart hits you!
You bump into the rock wall.
You hear some strange, mumbled words.
A puff of flame appears from out of thin air!
The puff of flame hits you!
You die...

.#.......#.<#.#.##.##.# #.#
.#.#######)##........ #.#
.#.#######.##.#.##..# #.#
................##..######.#
.#.####.##.................#
#### #.#####.#....#########
#...###.#####.#.#..#
'..................###
#..............{@<...#
#'###..######..##.###
##...o..######..#..#
...###......##..#.## ...#
#..........#.# ...#
#.รท###.##.#..# ...# #..#
#.##.#.## ...####.# #.##.#.#
##....#+###.##.#.#


There were no monsters in sight!

Vanquished Creatures
  Natasha (D:3)
  An adder (D:3)
  A worm (D:3)
  2 dart slugs (D:2)
  3 orcs (D:3)
  6 ball pythons
  An endoplasm (D:1)
  2 giant cockroaches (D:1)
  2 goblins
  4 hobgoblins
  7 kobolds
  2 bats
  2 frilled lizards (D:1)
  2 rats (D:2)
36 creatures vanquished.

Vanquished Creatures (others)
  4 fungi (D:3)
  6 plants (D:3)
10 creatures vanquished.

Grand Total: 46 creatures vanquished

Notes
Turn   | Place    | Note
-------+----------+-------------------------------------------
     0 | D:1      | cforsyth the Kobold Brigand began the quest for the Orb.
     0 | D:1      | Reached XP level 1. HP: 12/12 MP: 1/1
   189 | D:1      | Reached XP level 2. HP: 18/18 MP: 2/2
  1047 | D:2      | Reached XP level 3. HP: 22/22 MP: 3/3
  1610 | D:3      | Noticed Natasha
  1614 | D:3      | Killed Natasha
  1615 | D:3      | Reached XP level 4. HP: 27/27 MP: 4/4
  1651 | D:3      | Reached skill level 6 in Stealth
  2176 | D:3      | Killed from afar by an orc wizard

Illustrated notes

Levels and vault maps discovered:
D:1:      evilmike_arrival_crescent, layout_basic, serial_corexii_hall,
          chequers_hall_statues_corner_a, corexii_hall_statues_x,
          chequers_serial_rivers_room_a
D:2:      layout_loops_ring
D:3:      layout_basic, nicolae_overflow_ecumenical_swirl,
          shapermc_ecumenical_altar_mp_urbaneastern, uniq_natasha

Skill      XL: |  1  2  3  4 |
---------------+-------------+-----
Short Blades   | 3 |  3.8
Dodging        | 2 |  2.6
Fighting       | 3 |  3.0
Stealth        | 6 |  6.0
Throwing       | |  2.1

Action                     |  1- 3 |  4- 6 || total
---------------------------+-------+-------++-------
  Melee: Dagger            |    29 |       ||    29
         Short sword       |     8 |    31 ||    39
   Stab: Sleeping          |    18 |     3 ||    21
 Armour: Robe              |     1 |     4 ||     5
  Dodge: Dodged            |    10 |    31 ||    41

Table legend: (Time is in decaauts)
 A = Elapsed time spent in this place.
 B = Non-inter-level travel time spent in this place.
 C = Inter-level travel time spent in this place.
 D = Time resting spent in this place.
 E = Time spent auto-exploring this place.
 F = Levels seen in this place.
 G = Mean time per level.
                   A        B        C        D        E       F      G
               +--------+--------+--------+--------+--------+-----+--------+
         Total |   2167 |   2050 |    117 |      0 |   1769 |   3 |  722.3 |
       Dungeon |   2167 |   2050 |    117 |      0 |   1769 |   3 |  722.3 |
               +--------+--------+--------+--------+--------+-----+--------+

Top non-repeatable levels by time:
     D:1: 917 daAuts
     D:2: 677 daAuts
     D:3: 572 daAuts
